 Dungeon Crawl Stone Soup version 0.30-a0-778-g2ef04afb54 (webtiles) character file.

Game seed: 2771140164946168114

10 Esekla the Sneak (level 2, 0/21 HPs)
             Began as an Octopode Delver on Feb 16, 2023.
             Killed from afar by an orc wizard (8 damage)
             ... with a magic dart
             ... on level 5 of the Dungeon.
             The game lasted 00:04:10 (216 turns).

Esekla the Sneak (Octopode Delver)                   Turns: 216, Time: 00:04:10

Health: 0/21       AC:  1    Str: 11    XL:     2   Next: 20%
Magic:  2/2        EV: 13    Int: 12    God:
Gold:   0          SH:  0    Dex: 13    Spells: 1/1 levels left

rFire   . . .      SeeInvis .    a - +0 falchion
rCold   . . .      Faith    .    (no shield)
rNeg    . . .      Spirit   .    (helmet restricted)
rPois   .          Reflect  .    (no amulet)
rElec   .          Harm     .    (no ring)
rCorr   .          Rampage  .    (no ring)
Will    .....                    (no ring)
Stlth   ++                       (no ring)
HPRegen 0.23/turn                (no ring)
MPRegen 0.08/turn                (no ring)
                                 (no ring)
                                 (no ring)

@: confused
A: almost no armour, amphibious, 8 rings, camouflage 1, gelatinous body 1,
(nimble swimmer 1), tentacles
a: no special abilities


You were on level 5 of the Dungeon.
You visited 1 branch of the dungeon, and saw 1 of its levels.

Inventory:

Hand Weapons
 a - a +0 falchion (weapon)
 g - a +0 trident
 h - a +0 short sword
Wands
 f - a wand of digging (3)
Scrolls
 b - a scroll of fog
 c - a scroll of poison {unknown}
 d - a scroll of fear
Potions
 e - a potion of haste


   Skills:
 * Level 3.1 Fighting
 * Level 2.1 Long Blades
 * Level 2.1 Dodging
 + Level 6.9 Stealth
 * Level 0.3 Spellcasting


You had one spell level left.
You didn't know any spells.
Your spell library was empty.

Dungeon Overview and Level Annotations

Branches:
Dungeon (5/15)             Temple (0/1) D:5

Altars:


Innate Abilities, Weirdness & Mutations

You cannot wear most types of armour.
You are amphibious.
You can wear up to eight rings at the same time.
Your skin changes colour to match your surroundings (Stealth+).
Your rubbery body absorbs attacks. (AC +1, EV +1)
((You are camouflaged when in or above water. (Stealth+)))
You have tentacles for arms and can constrict up to eight enemies at once.


Message History

You kill the orc!
You have reached level 2!
A hound comes into view.
Things that are here:
a +0 whip; a +0 leather armour; an orc corpse
Found 14 gold pieces.
Things that are here:
a +0 whip; a +0 leather armour; an orc corpse You start waiting.
An orc is nearby!
You completely miss the orc.
The orc shouts!
Your grab misses the orc. The orc barely misses you.
The orc hits you but does no damage.
You hit the orc. You grab the orc. You squeeze the orc.
You kill the orc!
You see here a +0 short sword.
h - a +0 short sword
Things that are here:
a +0 whip; a +0 leather armour; an orc corpse An ogre comes into view.
It is wielding a +0 giant club.
Things that are here:
a +0 whip; a +0 leather armour; an orc corpse
h - a +0 short sword (weapon)
The orc wizard shouts!
You hear a shout!
a - a +0 falchion (weapon)
The orc wizard gestures at you while chanting.
You are confused.
You bump into the rock wall.
The orc wizard casts a spell at you. The puff of flame hits you.
The orc wizard hits you with a +0 dagger.
Okay, then.
The orc wizard casts a spell at you. The magic dart hits you!
The orc wizard gestures at you while chanting.
The puff of flame misses you.
The orc wizard points at you and mumbles some strange words.
The magic dart hits you!
You die...

....##...##....$.....#
######<.....######.###
###.........# #.#
#...........# #.#
#.#.#......o# #)#
#[#.#.####..# #.#
#.#.........# #.#
#.....#####o#####.#
####### #....@..#
#########


You could see an orc wizard.

Vanquished Creatures
  3 orcs (D:5)
  3 jackals (D:5)
6 creatures vanquished.

Notes
Turn   | Place    | Note
-------+----------+-------------------------------------------
     0 | D:5      | Esekla the Octopode Delver began the quest for the Orb.
     0 | D:5      | Reached XP level 1. HP: 16/16 MP: 1/1
    23 | D:5      | Noticed an orc priest
    23 | D:5      | Noticed an orc wizard
   105 | D:5      | Reached XP level 2. HP: 21/21 MP: 2/2
   194 | D:5      | Noticed an ogre
   216 | D:5      | Killed from afar by an orc wizard

Illustrated notes

Levels and vault maps discovered:
D:5:      layout_basic, vehumet_altar_wand_db,
          minmay_temple_entry_gardened_gates, serial_park_tiny_2,
          supply_closet_lemuel, uniq_prince_ribbit1

Action                     || total
---------------------------++-------
  Melee: Falchion          ||    11
         Constrict         ||     4
         Tentacles         ||     2
    Use: Scroll            ||     1
   Stab: Sleeping          ||     1
 Armour: Skin              ||     1
  Dodge: Dodged            ||     7

Table legend: (Time is in decaauts)
 A = Elapsed time spent in this place.
 B = Non-inter-level travel time spent in this place.
 C = Inter-level travel time spent in this place.
 D = Time resting spent in this place.
 E = Time spent auto-exploring this place.
 F = Levels seen in this place.
 G = Mean time per level.
                   A        B        C        D        E       F      G
               +--------+--------+--------+--------+--------+-----+--------+
         Total |    217 |    217 |      0 |     89 |      0 |   1 |  217.0 |
       Dungeon |    217 |    217 |      0 |     89 |      0 |   1 |  217.0 |
               +--------+--------+--------+--------+--------+-----+--------+

Top non-repeatable levels by time:
     D:5: 217 daAuts
